Sasquatch vs Harfangs

Created - November 18, 2019 at 19:02

Goals
1 2 3 T
Sasquatch 3 1 1 5
Harfangs 1 1 2 4
Shots
1 2 3 T
Sasquatch 20 6 12 38
Harfangs 7 7 9 23

1st period

1. Sasquatch , Petr Straka 2 (Patrick Wey 9) at 1:25 (PP)
2. Sasquatch , Jujhar Khaira 5 (Devin Shore 10) at 15:40
3. Harfangs , Oscar Sundqvist 6 (Michael Bournival 6) at 18:08
4. Sasquatch , Jujhar Khaira 6 (Matt Halischuk 15, Devin Shore 11) at 19:19

Penalties :
Morgan Klimchuk (BEA) for High sticking (Minor) at 0:53

2nd period

5. Harfangs , Oscar Sundqvist 7 (Ryan Hartman 6) at 1:33 (PP)
6. Sasquatch , Brock Trotter 2 (T.J. Tynan 1, Brett Pesce 4) at 8:55

Penalties :
Matt Halischuk (Gat) for Hooking (Minor) at 0:21, Reid McNeill (BEA) for Roughing (Minor) at 9:43, Patrick Wey (Gat) for Hooking (Minor) at 13:26, Calle Jarnkrok (BEA) for Roughing (Minor) at 17:48

3rd period

7. Sasquatch , Ryan Dzingel 7 (Petr Straka 4, Sergey Kalinin 3) at 1:52
8. Harfangs , Tyler Randell 8 (Calle Jarnkrok 13) at 3:13 (PP)
9. Harfangs , Michael Bournival 7 (Ryan Hartman 7, Oscar Sundqvist 7) at 11:05

Penalties :
Matt Halischuk (Gat) for Boarding (Major) at 3:09, Reid McNeill (BEA) for Interference (Minor) at 15:01, Sergey Kalinin (Gat) for Hooking (Minor) at 19:17, Reid McNeill (BEA) for Roughing (Minor) at 19:30

Goalie Stats

Joonas Korpisalo (Gat), 19 saves from 23 shots - (0.826), W, 5-4-1, 60:00 minutes
Anton Forsberg (BEA), 33 saves from 38 shots - (0.868), L, 5-2-1, 59:18 minutes

Players Stats for Sasquatch

Player Name              G  A  P  +/- PIM S  H  SB GA TA FO     MP     PP MP  PK MP  
------------------------------------------------------------------------------------
Brett Kulak              0  0  0   1  0   1  2  1  0  1  0/0    15:08   0:00   3:09 
Brett Pesce              0  1  1   0  0   2  1  1  0  0  0/0    18:22   2:44   2:00 
Brock Trotter            1  0  1   1  0   4  0  0  0  0  0/0     9:02   0:00   1:52 
Devin Shore              0  2  2   1  0   6  1  0  0  0  14/29  18:51   3:23   0:16 
Hudson Fasching          0  0  0  -1  0   0  1  0  0  0  0/0    11:10   0:00   0:00 
Ian Cole                 0  0  0   1  0   1  1  0  2  0  0/0    25:45   3:45   3:02 
Jerry D'Amigo            0  0  0   1  0   0  0  0  0  0  0/0     7:24   0:04   0:00 
Jujhar Khaira            2  0  2   1  0   6  4  0  2  2  0/1    21:40   3:02   4:12 
Martin Marincin          0  0  0   0  0   1  3  0  0  0  0/0    19:26   0:00   4:26 
Matt Halischuk           0  1  1   1  7   2  1  1  1  1  0/1    19:10   3:23   0:00 
Mike Reilly              0  0  0   1  0   0  0  1  0  0  0/0    15:14   2:44   0:51 
Patrick Wey              0  1  1   1  2   0  1  1  0  1  0/0    26:05   3:45   3:18 
Petr Straka              1  1  2   1  0   2  2  0  1  0  1/3    15:40   3:02   1:50 
Quinton Howden           0  0  0  -1  0   4  2  0  2  0  0/2    14:15   0:04   2:12 
Ryan Dzingel             1  0  1   1  0   4  0  0  0  1  1/1    14:25   3:23   0:00 
Sergey Kalinin           0  1  1   1  2   2  1  0  0  0  12/18  15:45   0:04   4:12 
T.J. Tynan               0  1  1   1  0   1  1  1  0  0  2/5     9:44   3:02   0:00 
Teemu Hartikainen        0  0  0  -1  0   2  3  0  2  0  0/0    13:58   0:00   2:12 

Players Stats for Harfangs

Player Name              G  A  P  +/- PIM S  H  SB GA TA FO     MP     PP MP  PK MP  
------------------------------------------------------------------------------------
Andreas Martinsen        0  0  0  -1  0   1  1  1  2  1  1/2    23:26   4:01   3:49 
Blake Heinrich           0  0  0   2  0   0  0  3  0  1  0/0    18:18   3:16   2:25 
Brendan Leipsic          0  0  0  -1  0   0  1  0  0  0  0/0     8:03   0:00   1:30 
Calle Jarnkrok           0  1  1  -1  2   0  0  1  1  1  13/33  20:17   4:12   0:47 
Chase De Leo             0  0  0  -1  0   1  1  0  0  0  2/3     6:21   0:00   0:00 
Devon Teows              0  0  0  -2  0   1  1  0  0  2  0/0    14:36   0:38   1:51 
Dylan Olsen              0  0  0  -2  0   2  3  4  1  0  0/0    28:57   4:29   4:04 
Jake Dotchin             0  0  0   2  0   1  0  1  0  0  0/0    18:36   3:16   2:56 
Lucas Wallmarkk          0  0  0   0  0   0  0  0  0  0  2/3    12:08   0:28   0:00 
Michael Bournival        1  1  2   0  0   7  2  0  0  1  1/2    16:42   3:06   2:27 
Morgan Klimchuk          0  0  0   0  2   2  0  0  0  0  0/0    13:06   0:58   0:13 
Nick Sorensen            0  0  0  -1  0   1  1  1  0  0  0/0     7:22   1:01   0:00 
Oscar Sundqvist          2  1  3   0  0   3  2  0  0  0  6/10   14:42   3:06   0:23 
Reid McNeill             0  0  0  -2  6   3  2  1  0  2  0/0    26:24   4:20   1:42 
Rinat Valiev             0  0  0  -2  0   0  0  0  0  1  0/0    13:22   0:46   0:00 
Ryan Hartman             0  2  2   0  0   0  0  1  0  0  0/0    14:06   3:03   0:00 
Sven Andrighetto         0  0  0   0  0   0  0  0  0  1  0/0    12:56   1:04   0:00 
Tyler Randell            1  0  1  -1  0   1  1  2  2  0  5/7    23:35   4:10   3:49 

3 Stars

1 - Jujhar Khaira (Gat)
2 - Oscar Sundqvist (BEA)
3 - Petr Straka (Gat)

Power Play

Sasquatch - 1 on 5 Attempt(s) - 20.00%
Harfangs - 2 on 5 Attempt(s) - 40.00%

Penalty Kill

Sasquatch - 3 on 5 Attempt(s) - 60.00% - Score 0 goal in Penalty Kill
Harfangs - 4 on 5 Attempt(s) - 80.00% - Score 0 goal in Penalty Kill

Team Stat

Sasquatch - Hits : 24 - Faceoff Wins : 30 - Blocked Shots : 6 - Penalty Minutes : 11
Harfangs - Hits : 15 - Faceoff Wins : 30 - Blocked Shots : 15 - Penalty Minutes : 10

Official

Referees : Unknown
Linesman : Unknown

Game Notes

No Game Note

Finance

Level 1 -- Attendance: 1536 (76.80%) -- Ticket Income $52,224
Level 2 -- Attendance: 791 (79.10%) -- Ticket Income $15,029
Total Attendance: 2327 (77.57%)
Total Ticket Income: $67,253
Other Income: $3,363
Total Income: $70,616

Sasquatch

5 vs 5 Forward 
   Center                   Left Wing                Right Wing               Time % Phy DF OF 
 1 Devin Shore              Jujhar Khaira            Matt Halischuk           40     1   2  2  
 2 Sergey Kalinin           Ryan Dzingel             Petr Straka              30     1   2  2  
 3 Quinton Howden           Teemu Hartikainen        Hudson Fasching          20     1   2  2  
 4 T.J. Tynan               Brock Trotter            Jerry D'Amigo            10     1   2  2  

5 vs 5 Defense 
   Defense                  Defense                                           Time % Phy DF OF 
 1 Ian Cole                 Patrick Wey                                       40     1   2  2  
 2 Brett Pesce              Martin Marincin                                   30     1   2  2  
 3 Mike Reilly              Brett Kulak                                       20     1   2  2  
 4 Ian Cole                 Patrick Wey                                       10     1   2  2  

PowerPlay Forward 
   Center                   Left Wing                Right Wing               Time % Phy DF OF 
 1 Devin Shore              Ryan Dzingel             Matt Halischuk           60     1   2  2  
 2 T.J. Tynan               Jujhar Khaira            Petr Straka              40     1   2  2  

PowerPlay Defense
   Defense                  Defense                                           Time % Phy DF OF 
 1 Ian Cole                 Patrick Wey                                       60     1   2  2  
 2 Mike Reilly              Brett Pesce                                       40     1   2  2  

Penalty Kill 4 Players Forward 
   Center                   Wing                     Time % Phy DF OF 
 1 Sergey Kalinin           Jujhar Khaira            60     1   2  2  
 2 Quinton Howden           Teemu Hartikainen        40     1   2  2  

Penalty Kill 4 Players Defense
   Defense                  Defense                  Time % Phy DF OF 
 1 Patrick Wey              Martin Marincin          60     1   2  2  
 2 Brett Kulak              Ian Cole                 40     1   2  2  

Penalty Kill - 3 Players Forward 
   Forward                                           Time % Phy DF OF 
 1 Sergey Kalinin                                    60     1   2  2  
 2 Quinton Howden                                    40     1   2  2  

Penalty Kill - 3 Players Defense
   Defense                  Defense                  Time % Phy DF OF 
 1 Ian Cole                 Martin Marincin          60     1   2  2  
 2 Patrick Wey              Brett Kulak              40     1   2  2  

4 vs 4 Forward 
   Center                   Wing                     Time % Phy DF OF 
 1 Quinton Howden           Matt Halischuk           60     1   2  2  
 2 Sergey Kalinin           Jujhar Khaira            40     1   2  2  

4 vs 4 Defense
   Defense                  Defense                  Time % Phy DF OF 
 1 Ian Cole                 Martin Marincin          60     1   2  2  
 2 Patrick Wey              Brett Pesce              40     1   2  2  

Last Minutes Offensive
   Center                   Left Wing                Right Wing               Defense                  Defense                  
   Devin Shore              Jujhar Khaira            Matt Halischuk           Ian Cole                 Patrick Wey              

Last Minutes Defensive
   Center                   Left Wing                Right Wing               Defense                  Defense                  
   Sergey Kalinin           Teemu Hartikainen        Matt Halischuk           Martin Marincin          Patrick Wey              

Goaltenders
Starting : Joonas Korpisalo         
Backup : Corey Crawford           

Extra Forwards
Normal : Sergey Kalinin, Devin Shore, Petr Straka - PP : Sergey Kalinin, Quinton Howden - PK : Petr Straka
Extra Defensemen
Normal : Mike Reilly, Brett Pesce, Brett Kulak - PP : Brett Pesce - PK : Brett Pesce, Mike Reilly
Penalty Shots
Devin Shore, Matt Halischuk, Petr Straka, Brock Trotter, Ryan Dzingel

Scratches
Nikita Nesterov (Healthy), Christoffer Ehn (Healthy), Kevin Fiala (Healthy), Dylan Sikura (Healthy), Alex Lintuniemi (Healthy)
Cal Petersen (Healthy)

Harfangs

5 vs 5 Forward 
   Center                   Left Wing                Right Wing               Time % Phy DF OF 
 1 Calle Jarnkrok           Andreas Martinsen        Tyler Randell            40     1   2  2  
 2 Oscar Sundqvist          Michael Bournival        Ryan Hartman             30     1   2  2  
 3 Lucas Wallmarkk          Morgan Klimchuk          Sven Andrighetto         20     1   2  2  
 4 Chase De Leo             Brendan Leipsic          Nick Sorensen            10     1   2  2  

5 vs 5 Defense 
   Defense                  Defense                                           Time % Phy DF OF 
 1 Dylan Olsen              Reid McNeill                                      40     1   2  2  
 2 Jake Dotchin             Blake Heinrich                                    30     1   2  2  
 3 Rinat Valiev             Devon Teows                                       20     1   2  2  
 4 Dylan Olsen              Reid McNeill                                      10     1   2  2  

PowerPlay Forward 
   Center                   Left Wing                Right Wing               Time % Phy DF OF 
 1 Calle Jarnkrok           Andreas Martinsen        Tyler Randell            60     1   2  2  
 2 Oscar Sundqvist          Michael Bournival        Ryan Hartman             40     1   2  2  

PowerPlay Defense
   Defense                  Defense                                           Time % Phy DF OF 
 1 Dylan Olsen              Reid McNeill                                      60     1   2  2  
 2 Jake Dotchin             Blake Heinrich                                    40     1   2  2  

Penalty Kill 4 Players Forward 
   Center                   Wing                     Time % Phy DF OF 
 1 Tyler Randell            Andreas Martinsen        60     1   2  2  
 2 Michael Bournival        Calle Jarnkrok           40     1   2  2  

Penalty Kill 4 Players Defense
   Defense                  Defense                  Time % Phy DF OF 
 1 Dylan Olsen              Reid McNeill             60     1   2  2  
 2 Jake Dotchin             Blake Heinrich           40     1   2  2  

Penalty Kill - 3 Players Forward 
   Forward                                           Time % Phy DF OF 
 1 Tyler Randell                                     60     1   2  2  
 2 Andreas Martinsen                                 40     1   2  2  

Penalty Kill - 3 Players Defense
   Defense                  Defense                  Time % Phy DF OF 
 1 Dylan Olsen              Reid McNeill             60     1   2  2  
 2 Jake Dotchin             Blake Heinrich           40     1   2  2  

4 vs 4 Forward 
   Center                   Wing                     Time % Phy DF OF 
 1 Tyler Randell            Andreas Martinsen        60     1   2  2  
 2 Michael Bournival        Calle Jarnkrok           40     1   2  2  

4 vs 4 Defense
   Defense                  Defense                  Time % Phy DF OF 
 1 Dylan Olsen              Reid McNeill             60     1   2  2  
 2 Jake Dotchin             Blake Heinrich           40     1   2  2  

Last Minutes Offensive
   Center                   Left Wing                Right Wing               Defense                  Defense                  
   Calle Jarnkrok           Andreas Martinsen        Tyler Randell            Dylan Olsen              Reid McNeill             

Last Minutes Defensive
   Center                   Left Wing                Right Wing               Defense                  Defense                  
   Calle Jarnkrok           Andreas Martinsen        Tyler Randell            Dylan Olsen              Reid McNeill             

Goaltenders
Starting : Anton Forsberg           
Backup : Ilya Sorokin             

Extra Forwards
Normal : Sven Andrighetto, Morgan Klimchuk, Brendan Leipsic - PP : Sven Andrighetto, Morgan Klimchuk - PK : Brendan Leipsic
Extra Defensemen
Normal : Rinat Valiev, Devon Teows, Jake Dotchin - PP : Rinat Valiev - PK : Devon Teows, Jake Dotchin
Penalty Shots
Tyler Randell, Andreas Martinsen, Michael Bournival, Calle Jarnkrok, Oscar Sundqvist

Scratches
Cristoval Nieves (Healthy), JC Lipon (Healthy), Brenden Kichton (Healthy), Laurent Dauphin (Healthy), Mark Alt (Healthy)
Erik Nystrom (Healthy), Tyler Brenner (Healthy), Justin Kirkland (Healthy), Victor Bartley (Right Leg Injury), Anthony Angello (Healthy)
Jason Kasdorf (Healthy), Mark Visentin (Healthy), Scott Wedgewood (Healthy), Zachary Fucale (Healthy)

% Time on Ice - Sasquatch

Lines # - Real PCT - Wanted PCT - Time Play
Normal Forward
1 - 34% - 40% - 14:56
2 - 26% - 30% - 11:24
3 - 25% - 20% - 11:06
4 - 15% - 10% - 6:42
Normal Defense
1 - 40% - 40% - 17:49
2 - 32% - 30% - 14:10
3 - 25% - 20% - 10:56
4 - 3% - 10% - 1:13
PP Forward
1 - 53% - 60% - 3:27
2 - 47% - 40% - 3:02
PP Defense
1 - 58% - 60% - 3:45
2 - 42% - 40% - 2:44
PK Forward
1 - 74% - 60% - 6:11
2 - 26% - 40% - 2:12
PK Defense
1 - 64% - 60% - 5:21
2 - 36% - 40% - 3:02
PK3 Forward
1 - 0% - 60%
2 - 0% - 40%
PK3 Defense
1 - 0% - 60%
2 - 0% - 40%
44 Forward
1 - 100% - 60% - 0:29
2 - 0% - 40% - 0:00
44 Defense
1 - 100% - 60% - 0:29
2 - 0% - 40% - 0:00
Last Minute Offensive  - 0:00
Last Minute Defensive  - 0:31
Total
Forward - 60:00
Defense - 60:00

% Time on Ice - Harfangs

Lines # - Real PCT - Wanted PCT - Time Play
Normal Forward
1 - 34% - 40% - 15:17
2 - 25% - 30% - 11:03
3 - 26% - 20% - 11:40
4 - 14% - 10% - 6:21
Normal Defense
1 - 43% - 40% - 19:00
2 - 27% - 30% - 11:57
3 - 27% - 20% - 12:07
4 - 3% - 10% - 1:17
PP Forward
1 - 62% - 60% - 5:11
2 - 38% - 40% - 3:12
PP Defense
1 - 61% - 60% - 5:07
2 - 39% - 40% - 3:16
PK Forward
1 - 78% - 60% - 5:05
2 - 22% - 40% - 1:24
PK Defense
1 - 63% - 60% - 4:04
2 - 37% - 40% - 2:25
PK3 Forward
1 - 0% - 60%
2 - 0% - 40%
PK3 Defense
1 - 0% - 60%
2 - 0% - 40%
44 Forward
1 - 100% - 60% - 0:29
2 - 0% - 40% - 0:00
44 Defense
1 - 100% - 60% - 0:29
2 - 0% - 40% - 0:00
Last Minute Offensive  - 0:18
Last Minute Defensive  - 0:00
Total
Forward - 60:00
Defense - 60:00

Play-by-Play

1st period


0:01 of 1st period - Devin Shore wins face-off versus Calle Jarnkrok in neutral zone.
0:28 of 1st period - Wrist shot by Petr Straka.
0:28 of 1st period - Shot Blocked by Dylan Olsen.
0:30 of 1st period - Slapshot by Ryan Dzingel.
0:30 of 1st period - Shot Blocked by Ryan Hartman.
0:36 of 1st period - Backhand shot by Petr Straka.
0:36 of 1st period - Deflect By Ryan Dzingel.
0:36 of 1st period - Stopped by Anton Forsberg with a rebound.
0:38 of 1st period - Wrist shot by Ryan Dzingel.
0:38 of 1st period - Shot Blocked by Dylan Olsen.
0:50 of 1st period - Slapshot by Brock Trotter.
0:50 of 1st period - Stopped by Anton Forsberg without a rebound.
0:51 of 1st period - Lucas Wallmarkk wins face-off versus T.J. Tynan in Harfangs zone.
0:53 of 1st period - Minor Penalty to Morgan Klimchuk for High sticking.
0:54 of 1st period - Andreas Martinsen wins face-off versus Devin Shore in Harfangs zone.
1:08 of 1st period - Snap shot by Devin Shore.
1:08 of 1st period - Stopped by Anton Forsberg with a rebound.
1:10 of 1st period - Slapshot by Patrick Wey.
1:10 of 1st period - Shot Blocked by Tyler Randell.
1:20 of 1st period - Reid McNeill is hit by Petr Straka and loses puck.
1:25 of 1st period - Wrist shot by Petr Straka.
1:25 of 1st period - Goal by Petr Straka - Sasquatch : 1 - Harfangs : 0.
1:26 of 1st period - Lucas Wallmarkk wins face-off versus Quinton Howden in neutral zone.
2:01 of 1st period - Snap shot by Teemu Hartikainen.
2:01 of 1st period - Stopped by Anton Forsberg without a rebound.
2:02 of 1st period - Devin Shore wins face-off versus Calle Jarnkrok in Harfangs zone.
3:07 of 1st period - Patrick Wey is hit by Brendan Leipsic and loses puck.
3:30 of 1st period - Slapshot by Ian Cole.
3:30 of 1st period - Shot Blocked by Blake Heinrich.
3:59 of 1st period - Wrist shot by Michael Bournival.
3:59 of 1st period - Stopped by Joonas Korpisalo with a rebound.
4:31 of 1st period - Brett Kulak is hit by Andreas Martinsen and loses puck.
4:40 of 1st period - Snap shot by Tyler Randell.
4:40 of 1st period - Shot Misses the Net.
5:11 of 1st period - Ryan Dzingel is hit by Dylan Olsen and loses puck.
5:55 of 1st period - Dylan Olsen is hit by Ian Cole and loses puck.
6:10 of 1st period - Martin Marincin is hit by Reid McNeill and loses puck.
6:57 of 1st period - Andreas Martinsen is hit by Jujhar Khaira and loses puck.
7:14 of 1st period - Slapshot by Brock Trotter.
7:14 of 1st period - Stopped by Anton Forsberg without a rebound.
7:15 of 1st period - Oscar Sundqvist wins face-off versus T.J. Tynan in Harfangs zone.
7:24 of 1st period - Wrist shot by Michael Bournival.
7:24 of 1st period - Stopped by Joonas Korpisalo without a rebound.
7:25 of 1st period - Devin Shore wins face-off versus Oscar Sundqvist in Sasquatch zone.
7:32 of 1st period - Ryan Hartman is hit by Jujhar Khaira and loses puck.
7:37 of 1st period - Snap shot by Devin Shore.
7:37 of 1st period - Stopped by Anton Forsberg with a rebound.
7:39 of 1st period - Wrist shot by Martin Marincin.
7:39 of 1st period - Deflect By Jujhar Khaira.
7:39 of 1st period - Stopped by Anton Forsberg with a rebound.
8:38 of 1st period - Wrist shot by Chase De Leo.
8:38 of 1st period - Stopped by Joonas Korpisalo with a rebound.
8:40 of 1st period - Slapshot by Jake Dotchin.
8:40 of 1st period - Shot Misses the Net.
8:42 of 1st period - Snap shot by Jake Dotchin.
8:42 of 1st period - Deflect By Nick Sorensen.
8:42 of 1st period - Shot Misses the Net.
8:42 of 1st period - Puck is out of play.
8:43 of 1st period - Devin Shore wins face-off versus Calle Jarnkrok in Sasquatch zone.
8:43 of 1st period - Devin Shore is hit by Tyler Randell.
8:46 of 1st period - Icing by Jujhar Khaira.
8:47 of 1st period - Devin Shore wins face-off versus Tyler Randell in Sasquatch zone.
8:56 of 1st period - Snap shot by Matt Halischuk.
8:56 of 1st period - Shot Blocked by Dylan Olsen.
9:02 of 1st period - Wrist shot by Jujhar Khaira.
9:02 of 1st period - Shot Blocked by Andreas Martinsen.
9:42 of 1st period - Slapshot by Quinton Howden.
9:42 of 1st period - Stopped by Anton Forsberg with a rebound.
11:00 of 1st period - Off-side.
11:01 of 1st period - Calle Jarnkrok wins face-off versus Devin Shore in neutral zone.
15:03 of 1st period - Slapshot by Quinton Howden.
15:03 of 1st period - Stopped by Anton Forsberg with a rebound.
15:26 of 1st period - Snap shot by Morgan Klimchuk.
15:26 of 1st period - Shot Blocked by Mike Reilly.
15:28 of 1st period - Slapshot by Devon Teows.
15:28 of 1st period - Stopped by Joonas Korpisalo without a rebound.
15:29 of 1st period - Devin Shore wins face-off versus Calle Jarnkrok in Sasquatch zone.
15:38 of 1st period - Wrist shot by Jujhar Khaira.
15:38 of 1st period - Stopped by Anton Forsberg with a rebound.
15:40 of 1st period - Slapshot by Jujhar Khaira.
15:40 of 1st period - Goal by Jujhar Khaira - Sasquatch : 2 - Harfangs : 0.
15:41 of 1st period - Devin Shore wins face-off versus Calle Jarnkrok in neutral zone.
15:50 of 1st period - Snap shot by Jujhar Khaira.
15:50 of 1st period - Shot Misses the Net.
16:50 of 1st period - Slapshot by Nick Sorensen.
16:50 of 1st period - Stopped by Joonas Korpisalo without a rebound.
16:51 of 1st period - Chase De Leo wins face-off versus Devin Shore in Sasquatch zone.
16:51 of 1st period - Chase De Leo is hit by Jujhar Khaira.
17:35 of 1st period - Wrist shot by Brock Trotter.
17:35 of 1st period - Stopped by Anton Forsberg without a rebound.
17:36 of 1st period - T.J. Tynan wins face-off versus Calle Jarnkrok in Harfangs zone.
17:49 of 1st period - Slapshot by Brett Pesce.
17:49 of 1st period - Stopped by Anton Forsberg with a rebound.
17:51 of 1st period - Slapshot by T.J. Tynan.
17:51 of 1st period - Stopped by Anton Forsberg with a rebound.
18:01 of 1st period - Jujhar Khaira is hit by Michael Bournival and loses puck.
18:08 of 1st period - Slapshot by Oscar Sundqvist.
18:08 of 1st period - Goal by Oscar Sundqvist - Sasquatch : 2 - Harfangs : 1.
18:09 of 1st period - Devin Shore wins face-off versus Calle Jarnkrok in neutral zone.
18:14 of 1st period - Slapshot by Matt Halischuk.
18:14 of 1st period - Shot Misses the Net.
18:16 of 1st period - Slapshot by Patrick Wey.
18:16 of 1st period - Shot Misses the Net.
18:18 of 1st period - Slapshot by Ian Cole.
18:18 of 1st period - Shot Blocked by Tyler Randell.
18:20 of 1st period - Snap shot by Jujhar Khaira.
18:20 of 1st period - Stopped by Anton Forsberg with a rebound.
18:22 of 1st period - Slapshot by Ian Cole.
18:22 of 1st period - Stopped by Anton Forsberg without a rebound.
18:23 of 1st period - Calle Jarnkrok wins face-off versus Devin Shore in Harfangs zone.
18:57 of 1st period - Wrist shot by Matt Halischuk.
18:57 of 1st period - Stopped by Anton Forsberg with a rebound.
19:13 of 1st period - Wrist shot by Devin Shore.
19:13 of 1st period - Stopped by Anton Forsberg with a rebound.
19:19 of 1st period - Slapshot by Jujhar Khaira.
19:19 of 1st period - Goal by Jujhar Khaira - Sasquatch : 3 - Harfangs : 1.
19:20 of 1st period - Calle Jarnkrok wins face-off versus Sergey Kalinin in neutral zone.
19:45 of 1st period - Calle Jarnkrok is hit by Teemu Hartikainen and loses puck.
19:56 of 1st period - Snap shot by Calle Jarnkrok.
19:56 of 1st period - Shot Blocked by Patrick Wey.
19:58 of 1st period - Slapshot by Reid McNeill.
19:58 of 1st period - Stopped by Joonas Korpisalo without a rebound.
19:59 of 1st period - Oscar Sundqvist wins face-off versus Devin Shore in Sasquatch zone.
Goals for this period are 3 for Sasquatch vs 1 for Harfangs.
Shots for this period are 20 for Sasquatch vs 7 for Harfangs.

2nd period


0:01 of 2nd period - Tyler Randell wins face-off versus Devin Shore in neutral zone.
0:21 of 2nd period - Minor Penalty to Matt Halischuk for Hooking.
0:22 of 2nd period - Sergey Kalinin wins face-off versus Calle Jarnkrok in Sasquatch zone.
0:33 of 2nd period - Slapshot by Sergey Kalinin.
0:33 of 2nd period - Stopped by Anton Forsberg without a rebound.
0:34 of 2nd period - Sergey Kalinin wins face-off versus Andreas Martinsen in Harfangs zone.
0:59 of 2nd period - Slapshot by Michael Bournival.
0:59 of 2nd period - Stopped by Joonas Korpisalo without a rebound.
1:00 of 2nd period - Oscar Sundqvist wins face-off versus Sergey Kalinin in Sasquatch zone.
1:33 of 2nd period - Snap shot by Oscar Sundqvist.
1:33 of 2nd period - Goal by Oscar Sundqvist - Sasquatch : 3 - Harfangs : 2.
1:34 of 2nd period - Oscar Sundqvist wins face-off versus Sergey Kalinin in neutral zone.
1:37 of 2nd period - Sergey Kalinin is hit by Michael Bournival and loses puck.
2:00 of 2nd period - Tyler Randell is hit by Matt Halischuk and loses puck.
2:25 of 2nd period - Snap shot by Dylan Olsen.
2:25 of 2nd period - Shot Misses the Net.
2:27 of 2nd period - Slapshot by Dylan Olsen.
2:27 of 2nd period - Shot Blocked by T.J. Tynan.
2:55 of 2nd period - Blake Heinrich is hit by Quinton Howden and loses puck.
3:16 of 2nd period - Slapshot by Sergey Kalinin.
3:16 of 2nd period - Stopped by Anton Forsberg with a rebound.
4:14 of 2nd period - Morgan Klimchuk is hit by Martin Marincin and loses puck.
6:17 of 2nd period - Wrist shot by Devin Shore.
6:17 of 2nd period - Stopped by Anton Forsberg without a rebound.
6:18 of 2nd period - Oscar Sundqvist wins face-off versus Devin Shore in Harfangs zone.
6:25 of 2nd period - Snap shot by Michael Bournival.
6:25 of 2nd period - Stopped by Joonas Korpisalo with a rebound.
6:27 of 2nd period - Snap shot by Oscar Sundqvist.
6:27 of 2nd period - Shot Blocked by Brett Kulak.
6:29 of 2nd period - Snap shot by Jake Dotchin.
6:29 of 2nd period - Stopped by Joonas Korpisalo without a rebound.
6:30 of 2nd period - Calle Jarnkrok wins face-off versus Devin Shore in Sasquatch zone.
6:37 of 2nd period - Wrist shot by Andreas Martinsen.
6:37 of 2nd period - Stopped by Joonas Korpisalo without a rebound.
6:38 of 2nd period - Calle Jarnkrok wins face-off versus Devin Shore in Sasquatch zone.
7:23 of 2nd period - Patrick Wey is hit by Nick Sorensen and loses puck.
8:24 of 2nd period - Sergey Kalinin is hit by Oscar Sundqvist and loses puck.
8:33 of 2nd period - Patrick Wey is hit by Devon Teows and loses puck.
8:55 of 2nd period - Wrist shot by T.J. Tynan.
8:55 of 2nd period - Deflect By Brock Trotter.
8:55 of 2nd period - Goal by Brock Trotter - Sasquatch : 4 - Harfangs : 2.
8:56 of 2nd period - Devin Shore wins face-off versus Calle Jarnkrok in neutral zone.
9:33 of 2nd period - Wrist shot by Petr Straka.
9:33 of 2nd period - Shot Misses the Net.
9:35 of 2nd period - Slapshot by Brett Kulak.
9:35 of 2nd period - Stopped by Anton Forsberg without a rebound.
9:36 of 2nd period - Sergey Kalinin wins face-off versus Chase De Leo in Harfangs zone.
9:41 of 2nd period - Wrist shot by Sergey Kalinin.
9:41 of 2nd period - Shot Misses the Net.
9:43 of 2nd period - Minor Penalty to Reid McNeill for Roughing.
9:44 of 2nd period - Tyler Randell wins face-off versus Devin Shore in Harfangs zone.
9:44 of 2nd period - Tyler Randell is hit by Patrick Wey.
10:19 of 2nd period - Off-side.
10:20 of 2nd period - Michael Bournival wins face-off versus Petr Straka in neutral zone.
10:49 of 2nd period - Dylan Olsen is hit by Devin Shore and loses puck.
11:43 of 2nd period - Penalty to Reid McNeill is over, Reid McNeill is back on ice.
12:24 of 2nd period - Nick Sorensen is hit by Hudson Fasching and loses puck.
12:35 of 2nd period - Oscar Sundqvist is hit by Martin Marincin.
13:01 of 2nd period - Slapshot by Morgan Klimchuk.
13:01 of 2nd period - Stopped by Joonas Korpisalo without a rebound.
13:02 of 2nd period - Sergey Kalinin wins face-off versus Lucas Wallmarkk in Sasquatch zone.
13:26 of 2nd period - Minor Penalty to Patrick Wey for Hooking.
13:27 of 2nd period - Calle Jarnkrok wins face-off versus Sergey Kalinin in Sasquatch zone.
13:52 of 2nd period - Martin Marincin is hit by Dylan Olsen and loses puck.
13:59 of 2nd period - Snap shot by Oscar Sundqvist.
13:59 of 2nd period - Stopped by Joonas Korpisalo without a rebound.
14:00 of 2nd period - Calle Jarnkrok wins face-off versus Sergey Kalinin in Sasquatch zone.
14:01 of 2nd period - Snap shot by Tyler Randell.
14:01 of 2nd period - Shot Blocked by Brett Pesce.
15:09 of 2nd period - Reid McNeill is hit by Petr Straka and loses puck.
15:26 of 2nd period - Penalty to Patrick Wey is over, Patrick Wey is back on ice.
16:20 of 2nd period - Snap shot by Michael Bournival.
16:20 of 2nd period - Shot Hit the Post.
16:22 of 2nd period - Snap shot by Dylan Olsen.
16:22 of 2nd period - Shot Misses the Net.
16:32 of 2nd period - Tyler Randell is hit by Teemu Hartikainen and loses puck.
16:49 of 2nd period - Ryan Dzingel is hit by Chase De Leo and loses puck.
17:29 of 2nd period - Blake Heinrich is hit by Brett Kulak and loses puck.
17:46 of 2nd period - Slapshot by Mike Reilly.
17:46 of 2nd period - Shot Blocked by Calle Jarnkrok.
17:48 of 2nd period - Minor Penalty to Calle Jarnkrok for Roughing.
17:49 of 2nd period - Tyler Randell wins face-off versus Devin Shore in Harfangs zone.
18:20 of 2nd period - Slapshot by Ian Cole.
18:20 of 2nd period - Deflect By Jujhar Khaira.
18:20 of 2nd period - Shot Blocked by Dylan Olsen.
18:20 of 2nd period - Puck is out of play.
18:21 of 2nd period - T.J. Tynan wins face-off versus Michael Bournival in Harfangs zone.
18:26 of 2nd period - Snap shot by Petr Straka.
18:26 of 2nd period - Shot Blocked by Blake Heinrich.
18:52 of 2nd period - Snap shot by Matt Halischuk.
18:52 of 2nd period - Shot Misses the Net.
18:54 of 2nd period - Snap shot by Devin Shore.
18:54 of 2nd period - Shot Misses the Net.
18:56 of 2nd period - Snap shot by Devin Shore.
18:56 of 2nd period - Stopped by Anton Forsberg with a rebound.
19:48 of 2nd period - Penalty to Calle Jarnkrok is over, Calle Jarnkrok is back on ice.
19:56 of 2nd period - Blake Heinrich is hit by Teemu Hartikainen.
Goals for this period are 1 for Sasquatch vs 1 for Harfangs.
Shots for this period are 6 for Sasquatch vs 7 for Harfangs.

3rd period


0:01 of 3rd period - Tyler Randell wins face-off versus Devin Shore in neutral zone.
0:26 of 3rd period - Petr Straka is hit by Oscar Sundqvist and loses puck.
0:37 of 3rd period - Snap shot by Michael Bournival.
0:37 of 3rd period - Stopped by Joonas Korpisalo with a rebound.
1:50 of 3rd period - Wrist shot by Sergey Kalinin.
1:50 of 3rd period - Shot Misses the Net.
1:52 of 3rd period - Wrist shot by Petr Straka.
1:52 of 3rd period - Deflect By Ryan Dzingel.
1:52 of 3rd period - Goal by Ryan Dzingel - Sasquatch : 5 - Harfangs : 2.
1:53 of 3rd period - Devin Shore wins face-off versus Calle Jarnkrok in neutral zone.
1:56 of 3rd period - Snap shot by Brett Pesce.
1:56 of 3rd period - Shot Misses the Net.
2:18 of 3rd period - Ryan Hartman is hit by Sergey Kalinin and loses puck.
2:44 of 3rd period - Lucas Wallmarkk is hit by T.J. Tynan and loses puck.
3:09 of 3rd period - Major Penalty to Matt Halischuk for Boarding.
3:10 of 3rd period - Calle Jarnkrok wins face-off versus Sergey Kalinin in Sasquatch zone.
3:13 of 3rd period - Snap shot by Tyler Randell.
3:13 of 3rd period - Goal by Tyler Randell - Sasquatch : 5 - Harfangs : 3.
3:14 of 3rd period - Sergey Kalinin wins face-off versus Calle Jarnkrok in neutral zone.
4:51 of 3rd period - Ryan Hartman is hit by Quinton Howden and loses puck.
5:00 of 3rd period - Patrick Wey is hit by Dylan Olsen and loses puck.
7:51 of 3rd period - Icing by Reid McNeill.
7:52 of 3rd period - Sergey Kalinin wins face-off versus Calle Jarnkrok in Harfangs zone.
8:09 of 3rd period - Penalty to Matt Halischuk is over, Matt Halischuk is back on ice.
8:23 of 3rd period - Wrist shot by T.J. Tynan.
8:23 of 3rd period - Deflect By Blake Heinrich.
8:23 of 3rd period - Shot Blocked by Nick Sorensen.
8:23 of 3rd period - Puck is out of play.
8:24 of 3rd period - Chase De Leo wins face-off versus T.J. Tynan in Harfangs zone.
8:50 of 3rd period - Rinat Valiev is hit by Brett Kulak and loses puck.
9:26 of 3rd period - Slapshot by Quinton Howden.
9:26 of 3rd period - Stopped by Anton Forsberg with a rebound.
9:28 of 3rd period - Slapshot by Martin Marincin.
9:28 of 3rd period - Stopped by Anton Forsberg with a rebound.
9:30 of 3rd period - Snap shot by Teemu Hartikainen.
9:30 of 3rd period - Stopped by Anton Forsberg without a rebound.
9:31 of 3rd period - Oscar Sundqvist wins face-off versus Matt Halischuk in Harfangs zone.
9:49 of 3rd period - Icing by Patrick Wey.
9:50 of 3rd period - Devin Shore wins face-off versus Calle Jarnkrok in Sasquatch zone.
10:03 of 3rd period - Wrist shot by Jujhar Khaira.
10:03 of 3rd period - Stopped by Anton Forsberg without a rebound.
10:04 of 3rd period - Sergey Kalinin wins face-off versus Calle Jarnkrok in Harfangs zone.
11:05 of 3rd period - Wrist shot by Michael Bournival.
11:05 of 3rd period - Goal by Michael Bournival - Sasquatch : 5 - Harfangs : 4.
11:06 of 3rd period - Devin Shore wins face-off versus Calle Jarnkrok in neutral zone.
11:33 of 3rd period - Snap shot by Michael Bournival.
11:33 of 3rd period - Stopped by Joonas Korpisalo without a rebound.
11:34 of 3rd period - Petr Straka wins face-off versus Oscar Sundqvist in Sasquatch zone.
11:41 of 3rd period - Wrist shot by Brett Pesce.
11:41 of 3rd period - Stopped by Anton Forsberg with a rebound.
11:43 of 3rd period - Snap shot by Sergey Kalinin.
11:43 of 3rd period - Deflect By Petr Straka.
11:43 of 3rd period - Stopped by Anton Forsberg without a rebound.
11:44 of 3rd period - Calle Jarnkrok wins face-off versus Jujhar Khaira in Harfangs zone.
11:44 of 3rd period - Calle Jarnkrok is hit by Martin Marincin.
11:55 of 3rd period - Icing by Andreas Martinsen.
11:56 of 3rd period - Devin Shore wins face-off versus Calle Jarnkrok in Harfangs zone.
11:57 of 3rd period - Snap shot by Matt Halischuk.
11:57 of 3rd period - Shot Misses the Net.
12:03 of 3rd period - Wrist shot by Matt Halischuk.
12:03 of 3rd period - Stopped by Anton Forsberg without a rebound.
12:04 of 3rd period - Calle Jarnkrok wins face-off versus Devin Shore in Harfangs zone.
12:04 of 3rd period - Calle Jarnkrok is hit by Jujhar Khaira.
12:12 of 3rd period - Slapshot by Reid McNeill.
12:12 of 3rd period - Stopped by Joonas Korpisalo with a rebound.
12:14 of 3rd period - Slapshot by Dylan Olsen.
12:14 of 3rd period - Stopped by Joonas Korpisalo with a rebound.
12:16 of 3rd period - Slapshot by Dylan Olsen.
12:16 of 3rd period - Stopped by Joonas Korpisalo without a rebound.
12:17 of 3rd period - Calle Jarnkrok wins face-off versus Devin Shore in Sasquatch zone.
12:25 of 3rd period - Icing by Jujhar Khaira.
12:26 of 3rd period - Devin Shore wins face-off versus Calle Jarnkrok in Sasquatch zone.
12:45 of 3rd period - Snap shot by Jujhar Khaira.
12:45 of 3rd period - Shot Misses the Net.
12:47 of 3rd period - Slapshot by Patrick Wey.
12:47 of 3rd period - Shot Blocked by Reid McNeill.
13:25 of 3rd period - Snap shot by Devin Shore.
13:25 of 3rd period - Stopped by Anton Forsberg without a rebound.
13:26 of 3rd period - Sergey Kalinin wins face-off versus Oscar Sundqvist in Harfangs zone.
13:53 of 3rd period - Wrist shot by Quinton Howden.
13:53 of 3rd period - Shot Blocked by Jake Dotchin.
13:59 of 3rd period - Snap shot by Jake Dotchin.
13:59 of 3rd period - Shot Misses the Net.
14:01 of 3rd period - Wrist shot by Morgan Klimchuk.
14:01 of 3rd period - Stopped by Joonas Korpisalo without a rebound.
14:02 of 3rd period - Sergey Kalinin wins face-off versus Oscar Sundqvist in Sasquatch zone.
14:16 of 3rd period - Off-side.
14:17 of 3rd period - Calle Jarnkrok wins face-off versus Devin Shore in neutral zone.
14:32 of 3rd period - Matt Halischuk is hit by Reid McNeill and loses puck.
14:51 of 3rd period - Wrist shot by Ryan Dzingel.
14:51 of 3rd period - Stopped by Anton Forsberg with a rebound.
14:53 of 3rd period - Snap shot by Petr Straka.
14:53 of 3rd period - Shot Misses the Net.
14:55 of 3rd period - Wrist shot by Sergey Kalinin.
14:55 of 3rd period - Shot Misses the Net.
15:01 of 3rd period - Minor Penalty to Reid McNeill for Interference.
15:02 of 3rd period - Ryan Dzingel wins face-off versus Tyler Randell in Harfangs zone.
15:35 of 3rd period - Michael Bournival is hit by Brett Pesce and loses puck.
16:06 of 3rd period - Slapshot by Brendan Leipsic.
16:06 of 3rd period - Shot Blocked by Matt Halischuk.
17:01 of 3rd period - Penalty to Reid McNeill is over, Reid McNeill is back on ice.
17:12 of 3rd period - Wrist shot by Quinton Howden.
17:12 of 3rd period - Stopped by Anton Forsberg with a rebound.
17:54 of 3rd period - Icing by Andreas Martinsen.
17:55 of 3rd period - Sergey Kalinin wins face-off versus Calle Jarnkrok in Harfangs zone.
18:25 of 3rd period - Snap shot by Jujhar Khaira.
18:25 of 3rd period - Shot Blocked by Blake Heinrich.
18:39 of 3rd period - Wrist shot by Ryan Dzingel.
18:39 of 3rd period - Stopped by Anton Forsberg with a rebound.
18:49 of 3rd period - Harfangs, Anton Forsberg is pulled from the net.
18:51 of 3rd period - Wrist shot by Brendan Leipsic.
18:51 of 3rd period - Shot Misses the Net.
18:53 of 3rd period - Wrist shot by Nick Sorensen.
18:53 of 3rd period - Shot Misses the Net.
18:55 of 3rd period - Wrist shot by Brendan Leipsic.
18:55 of 3rd period - Shot Misses the Net.
18:57 of 3rd period - Snap shot by Nick Sorensen.
18:57 of 3rd period - Shot Misses the Net.
18:59 of 3rd period - Snap shot by Reid McNeill.
18:59 of 3rd period - Stopped by Joonas Korpisalo without a rebound.
19:00 of 3rd period - Mike Sullivan call a timeout for Harfangs.
19:00 of 3rd period - Sergey Kalinin wins face-off versus Calle Jarnkrok in Sasquatch zone.
19:02 of 3rd period - Icing by Martin Marincin.
19:03 of 3rd period - Sergey Kalinin wins face-off versus Calle Jarnkrok in Sasquatch zone.
19:17 of 3rd period - Minor Penalty to Sergey Kalinin for Hooking.
19:18 of 3rd period - Calle Jarnkrok wins face-off versus Petr Straka in Sasquatch zone.
19:30 of 3rd period - Minor Penalty to Reid McNeill for Roughing.
19:31 of 3rd period - Anton Forsberg from Harfangs was sent back in the game.
19:31 of 3rd period - Tyler Randell wins face-off versus Quinton Howden in Harfangs zone.
Goals for this period are 1 for Sasquatch vs 2 for Harfangs.
Shots for this period are 12 for Sasquatch vs 9 for Harfangs.